 Dungeon Crawl Stone Soup version 0.19-a0-1731-g1e0734d (webtiles) character file.

767 Naow the Cleaver (level 7, -9/88 HPs)
             Began as a Minotaur Berserker on Sept 30, 2016.
             Was a Priest of Trog.
             Mangled by an orc warrior
             ... wielding a +0 hand axe
              (17 damage)
             ... on level 6 of the Dungeon.
             The game lasted 00:10:00 (4059 turns).

Naow the Cleaver (Minotaur Berserker)               Turns: 4059, Time: 00:10:00

Health: -9/88      AC:  2    Str: 28    XL:     7   Next: 52%
Magic:  6/6        EV: 12    Int:  4    God:    Trog [***...]
Gold:   406        SH:  0    Dex: 10    Spells: 0 memorised, 6 levels left

rFire  . . .     SeeInvis .     a - +0 hand axe
rCold  . . .     Gourm    .     b - +0 animal skin
rNeg   . . .     Faith    .     (no shield)
rPois  .         Spirit   .     (helmet restricted)
rElec  .         Dismiss  .     (no cloak)
rCorr  .         Reflect  .     (no gloves)
MR     ++...     Harm     .     (no boots)
Stlth  ..........               (no amulet)
                                (no ring)
                                (no ring)

@: berserking, regenerating, very quick
A: retaliatory headbutt, horns 2
a: Berserk, Trog's Hand, Burn Spellbooks, Renounce Religion


You were on level 6 of the Dungeon.
You worshipped Trog.
Trog was most pleased with you.
You were very hungry.

You visited 1 branch of the dungeon, and saw 6 of its levels.

You collected 406 gold pieces.

Inventory:

Hand Weapons
 a - a +0 hand axe (weapon)
 y - a +1 mace of protection
 A - a cursed +0 war axe
Armour
 b - a +0 animal skin (worn)
 j - a +0 scale mail
 p - a +0 cloak
 B - a +0 pair of gloves
Jewellery
 f - an uncursed ring of see invisible {unknown}
 s - a cursed ring of teleportation {unknown}
 F - an uncursed ring of stealth {unknown}
Scrolls
 g - 4 scrolls of identify {unknown}
 i - 2 scrolls of magic mapping {unknown}
 n - 5 scrolls of fog {unknown}
 q - 2 scrolls of teleportation {unknown}
 r - a scroll of remove curse {unknown}
 t - a scroll of enchant weapon {unknown}
 D - a scroll of amnesia {unknown}
 E - a scroll of random uselessness {unknown}
 G - a scroll of enchant armour {unknown}
Potions
 d - a potion of flight {unknown}
 e - 2 potions of lignification {unknown}
 k - 2 potions of cure mutation {unknown}
 o - 3 potions of curing {unknown}
 v - 2 potions of degeneration {unknown}
 w - a potion of heal wounds {unknown}
 x - a potion of beneficial mutation {unknown}
 z - a potion of brilliance {unknown}
 H - a potion of haste {unknown}
Books
 u - a book of Conjurations

   Spells                             Type                      Level
   a - Magic Dart                     Conjuration                  1
   b - Searing Ray                    Conjuration                  2
   c - Dazzling Spray                 Conjuration/Hexes            3
   d - Fulminant Prism                Conjuration/Hexes            4
   e - Iskenderun's Mystic Blast      Conjuration                  4
   f - Iskenderun's Battlesphere      Conjuration/Charms           5
   Trog disapproves of the use of such an item.
 C - a book of Misfortune

   Spells                             Type                      Level
   a - Confusing Touch                Hexes                        1
   b - Confuse                        Hexes                        3
   c - Gell's Gravitas                Hexes/Translocation          3
   d - Petrify                        Transmutation/Earth          4
   e - Metabolic Englaciation         Hexes/Ice                    5
   f - Yara's Violent Unravelling     Hexes/Transmutation          5
   Trog disapproves of the use of such an item.
Comestibles
 c - 4 bread rations
 h - 3 meat rations
 l - 3 slices of pizza
 m - 2 beef jerkies


   Skills:
 - Level 4.2 Fighting
 + Level 10.2 Axes
 - Level 2.8 Armour
 - Level 2.3 Dodging
 - Level 0.1 Stealth


You had 6 spell levels left.
You didn't know any spells.

Dungeon Overview and Level Annotations

Branches:
Dungeon (6/15)
 Temple: D:4-7

Altars:
Gozag
Nemelex Xobeh
Ru

Shops:
D:4 *


Innate Abilities, Weirdness & Mutations

You reflexively headbutt those who attack you in melee.
You have a pair of horns on your head.


Message History

A red film seems to cover your vision as you go berserk!
You feel yourself moving faster!
You feel mighty!
You are feeling very hungry.
The orc closely misses you.
The orc warrior hits you with a hand axe!
* * * LOW HITPOINT WARNING * * *
You barely miss the orc warrior.
The orc warrior is heavily wounded.
You slash the orc!
You kill the orc!
Trog accepts your kill.
You hit the orc warrior.
The orc warrior is severely wounded.
The orc warrior closely misses you.
You slash the orc warrior!
The orc warrior is almost dead.
You barely miss the orc warrior.
The orc warrior is almost dead.
The orc warrior hits you with a hand axe!
You die...

#######..#.........#
...................#
#...##......)......#
.....#.............#
...................#
...................#
...........>.......#
................####
#...............@#
#...............o[....#
..............###.....#
..#........... #....#
..#.....<..... ....#
.........[.... #####
....<


You could see an orc warrior.

Vanquished Creatures
  Purgy (D:3)
  An ice beast (D:6)
  An ogre (D:5)
  A scorpion (D:4)
  A howler monkey (D:4)
  2 hounds
  A centaur skeleton (D:3)
  4 orc wizards
  2 worker ants
  A mummy (D:5)
  4 adders (D:4)
  A shadow imp (D:5)
  An ooze (D:3)
  2 worms
  A dart slug (D:3)
  4 leopard geckos
  11 orcs
  8 giant cockroaches
  6 goblins
  12 hobgoblins
  10 jackals
  4 quokkas
  8 bats
  6 frilled lizards
  A goblin zombie (D:5)
  5 kobolds
  A kobold zombie (D:5)
  6 rats
106 creatures vanquished.

Notes
Turn   | Place    | Note
-------+----------+-------------------------------------------
     0 | D:1      | Naow the Minotaur Berserker began the quest for the Orb.
     0 | D:1      | Reached XP level 1. HP: 19/19 MP: 0/0
   380 | D:1      | Reached XP level 2. HP: 27/27 MP: 1/1
   601 | D:1      | Reached skill level 4 in Axes
  1044 | D:2      | Reached XP level 3. HP: 19/33 MP: 2/2
  1247 | D:2      | Reached ** piety under Trog
  1371 | D:3      | Reached skill level 5 in Axes
  1443 | D:3      | Noticed Purgy
  1452 | D:3      | Killed Purgy
  1452 | D:3      | Reached skill level 6 in Axes
  1452 | D:3      | Reached XP level 4. HP: 10/40 MP: 3/3
  1452 | D:3      | Reached XP level 5. HP: 12/46 MP: 4/4
  1656 | D:3      | Reached skill level 7 in Axes
  1915 | D:3      | Found a sparkling altar of Nemelex Xobeh.
  1918 | D:3      | Reached XP level 6. HP: 49/52 MP: 5/5
  1963 | D:3      | Found a glowing drain.
  2010 | D:3      | Found a sacrificial altar of Ru.
  2024 | D:3      | Reached *** piety under Trog
  2258 | D:4      | Reached skill level 8 in Axes
  2617 | D:4      | Found Veamiy's Assorted Antiques.
  2999 | D:4      | Reached skill level 9 in Axes
  3108 | D:5      | Entered Level 5 of the Dungeon
  3242 | D:5      | Reached XP level 7. HP: 52/59 MP: 6/6
  3344 | D:5      | Found a sand-covered staircase.
  3753 | D:5      | Found an opulent altar of Gozag.
  3943 | D:6      | Reached skill level 10 in Axes
  4059 | D:6      | Mangled by an orc warrior

Vault maps used:
D:1:      onia_arrival_larder, hangedman_feature_mirror
D:2:      minmay_misc_feat_nine_boxes
D:3:      nicolae_ru_sacrificial_ziggurat, nemelex_xobeh_ov_fountains_minmay,
          portal_sewer_entry_f, uniq_purgy
D:4:      serial_shops, nicolae_shop_overgrown_old_shop
D:5:      nicolae_ossuary_entry_giza, first_bread,
          nicolae_gozag_cash_rules_everything_around_me
D:6:      amethyst_overflow_temple_binary

Skill      XL: |  1  2  3  4  5  6  7 |
---------------+----------------------+-----
Axes           | 4 6 7 9 10 | 10.2
Fighting       | 4 |  4.2
Armour         | |  2.8
Dodging        | |  2.3
Stealth        | |  0.1

Action                   |  1- 3 |  4- 6 |  7- 9 || total
-------------------------+-------+-------+-------++-------
Melee: Hand axe          |    78 |   127 |    48 ||   253
       Headbutt          |    12 |    20 |     7 ||    39
Invok: Berserk           |     1 |     1 |     1 ||     3
       Trog's Hand       |     1 |     1 |     1 ||     3
 Stab: Sleeping          |       |       |     2 ||     2
  Eat: Chunk             |     2 |     8 |     2 ||    12
Armor: Animal skin       |    13 |    14 |     2 ||    29
Dodge: Dodged            |    56 |    65 |    12 ||   133
